 Dungeon Crawl Stone Soup version 0.28-a0-691-gad6df49e81 (webtiles) character file.

Game seed: 9876614105472158936

152 willcat the Sneak (level 5, 0/32 HPs)
             Began as a Kobold Delver on Oct 23, 2021.
             Slain by Blork the orc (11 damage)
             ... on level 4 of the Dungeon.
             The game lasted 00:01:35 (1862 turns).

willcat the Sneak (Kobold Delver)                   Turns: 1862, Time: 00:01:36

Health: 0/32       AC:  6    Str:  9      XL:     5   Next: 60%
Magic:  5/5        EV: 14    Int: 13      God:
Gold:   43         SH:  5    Dex: 15 (16) Spells: 4/4 levels left

rFire   . . .      SeeInvis .   a - +0 short sword
rCold   . . .      Faith    .   n - +0 buckler
rNeg    . . .      Spirit   .   b - +0 leather armour
rPois   .          Reflect  .   (no helmet)
rElec   .          Harm     .   (no cloak)
rCorr   .          Rampage  .   j - +2 pair of gloves
Will    .....                   (no boots)
Stlth   ++++......              (no amulet)
HPRegen 0.10/turn               (no ring)
MPRegen 0.09/turn               (no ring)

@: no status effects
A: small, no large weapons, nightstalker 3
a: no special abilities


You were on level 4 of the Dungeon.
You visited 1 branch of the dungeon, and saw 3 of its levels.

You collected 43 gold pieces.

Inventory:

Hand Weapons
 a - a +0 short sword (weapon)
Armour
 b - a +0 leather armour (worn)
 j - a +2 pair of gloves (worn)
 n - a +0 buckler (worn)
Wands
 g - a wand of digging (3)
Scrolls
 c - a scroll of fog
 d - a scroll of magic mapping
 e - a scroll of fear
 h - a scroll of silence {unknown}
 k - 2 scrolls of identify {unknown}
 m - a scroll of blinking {unknown}
 p - a scroll of immolation {unknown}
Potions
 f - a potion of haste
 i - a potion of ambrosia {unknown}
 l - a potion of degeneration {unknown}
 o - a potion of heal wounds {unknown}


   Skills:
 - Level 3.2 Fighting
 + Level 4.4 Short Blades
 + Level 4.0 Dodging
 + Level 7.6 Stealth
 + Level 1.2 Shields


You had 4 spell levels left.
You didn't know any spells.
Your spell library was empty.

Dungeon Overview and Level Annotations

Branches:
Dungeon (5/15)
 Temple: D:4-7

Altars:

Annotations:
D:4 Blork the orc, Eustachio


Innate Abilities, Weirdness & Mutations

You are small and have problems with some larger weapons.
You are completely attuned to the shadows.


Message History

Eustachio is almost dead.
The bat misses you. The bat barely misses you. The bat closely misses you.
The bat hits you but does no damage.
The quasit bites you but does no damage.
The quasit claws you but does no damage. x2
Eustachio barely misses you. The rat completely misses you.
Eustachio casts a spell.
Eustachio blinks!
The quasit barely misses you. The quasit closely misses you.
You block the quasit's attack.
Unknown command.
You block the bat's attack. The bat hits you but does no damage.
The bat misses you. You block the bat's attack. The iron imp hits you.
The crimson imp blinks!
The quasit misses you.
The quasit claws you but does no damage.
The quasit claws you.
You feel clumsy.
You see here a scroll labelled QUH SA FOUCUO.
Unknown command.
Found a mace.
The bat barely misses you. You block the iron imp's attack.
The bat hits you but does no damage. The bat completely misses you.
You block the bat's attack.
Eustachio screams, "This atrocity can only be purified with blood!"
The bat misses you. The bat closely misses you. The bat barely misses you.
The bat hits you but does no damage.
You see here a +0 mace.
The bat closely misses you.
Okay, then.
The bat closely misses you.
Blork the orc comes into view.
He is wielding a +0 battleaxe.
You block the bat's attack. The bat barely misses you.
The bat barely misses you. You block the bat's attack.
Blork the orc shouts!
You hit Blork the orc but do no damage. The bat hits you.
You block the bat's attack.
A centaur skeleton comes into view.
Blork the orc hits you with a +0 battleaxe!
You die...

#.# #.# #.# #.#
####.# ...#.#
...#.## #....##
######## #..?5.#
#@bbb@.#
#..r.######5####o#
.....5@.@)...# Z#
##.#.######### .#
#.#.# ## #+


You could see Eustachio (fast), Blork the orc, a quasit (summoned), 3 bats and a
centaur skeleton (wandering).

Vanquished Creatures
  A centaur zombie (D:5)
  2 hounds (D:4)
  2 adders
  4 gnolls
  An endoplasm (D:4)
  A hobgoblin (D:3)
  A goblin (D:4)
  2 kobolds (D:4)
14 creatures vanquished.

Notes
Turn   | Place    | Note
-------+----------+-------------------------------------------
     0 | D:5      | willcat the Kobold Delver began the quest for the Orb.
     0 | D:5      | Reached XP level 1. HP: 14/14 MP: 1/1
   102 | D:5      | Reached skill level 7 in Stealth
   102 | D:5      | Reached XP level 2. HP: 10/19 MP: 2/2
   102 | D:5      | Reached XP level 3. HP: 13/23 MP: 3/3
   741 | D:4      | Reached XP level 4. HP: 28/28 MP: 4/4
  1595 | D:4      | Reached skill level 1 in Shields
  1595 | D:4      | Reached XP level 5. HP: 32/32 MP: 5/5
  1831 | D:4      | Noticed Eustachio
  1858 | D:4      | Noticed Blork the orc
  1862 | D:4      | Slain by Blork the orc

Illustrated notes

Levels and vault maps discovered:
D:3:      layout_basic, jmf_multi_god_temple, uniq_jessica
D:4:      minmay_clustersquares, layout_loops_corners, serial_shops,
          kennysheep_mini_moat, uniq_blork_the_orc, uniq_natasha, uniq_eustachio
D:5:      layout_loops_ring, minmay_temple_entry_junction_2

Skill      XL: |  1  2  3  4  5 |
---------------+----------------+-----
Short Blades   | 3 4 |  4.4
Dodging        | 3 4 |  4.0
Stealth        | 7 |  7.6
Shields        | 1 |  1.2
Fighting       | |  3.2

Action                   |  1- 3 |  4- 6 || total
-------------------------+-------+-------++-------
Melee: Short sword       |    34 |    95 ||   129
 Stab: Sleeping          |     1 |     5 ||     6
       Distracted        |     1 |     1 ||     2
Armor: Leather armour    |    33 |    38 ||    71
Dodge: Dodged            |    33 |    88 ||   121
Block: Buckler           |       |    24 ||    24

Table legend: (Time is in decaauts)
 A = Elapsed time spent in this place.
 B = Non-inter-level travel time spent in this place.
 C = Inter-level travel time spent in this place.
 D = Time resting spent in this place.
 E = Time spent auto-exploring this place.
 F = Levels seen in this place.
 G = Mean time per level.
                   A        B        C        D        E       F      G
               +--------+--------+--------+--------+--------+-----+--------+
         Total |   1859 |   1859 |      0 |   1178 |    393 |   3 |  619.7 |
       Dungeon |   1859 |   1859 |      0 |   1178 |    393 |   3 |  619.7 |
               +--------+--------+--------+--------+--------+-----+--------+

Top non-repeatable levels by time:
     D:4: 833 daAuts
     D:3: 535 daAuts
     D:5: 490 daAuts
